[Event "RJCC Easter Advanced RR"]
[Site "Twickenham ENG"]
[Date "2025.04.17"]
[Round "9.2"]
[White "Raj Konwar, Daryan"]
[Black "Mursalimov, Timur"]
[Result "1-0"]
[EventDate "2025.04.14"]
[TimeControl "1500+10"]
[WhiteFideId "497150"]
[WhiteElo "1024"]
[BlackElo "985"]
[ECO "C01"]
[Opening "French Defense: Exchange Variation"]
[PlyCount "75"]

1. e4 e6 2. Nc3 d5 3. exd5 exd5 4. d4 Bd6 5. Bd3 Nc6 6. Nge2 Nge7 7. Bg5 f6 8. Bd2 O-O 9. O-O Bg4 10. f3 Bd7 11. a3 Re8 12. Bf4 Bf5 13. Bxd6 Qxd6 14. Nb5 Qd7 15. Re1 a6 16. Bxf5 Nxf5 17. Nbc3 Ncxd4 18. Nxd4 Rxe1+ 19. Qxe1 Nxd4 20. Rd1 Nxc2 21. Qf2 Qf5 22. Nxd5 Re8 23. Nxc7 Rc8 24. Nd5 Re8 25. h3 Kf7 26. g4 Qg6 27. Nf4 Qh6 28. Rd7+ Kf8 29. Qc5+ Kg8 30. Qd5+ Kh8 31. Rd8 Qg6 32. Nxg6+ hxg6 33. Rxe8+ Kh7 34. Qg8+ Kh6 35. h4 g5 36. Qh8+ Kg6 37. Qh5# 1-0

[Event "RJCC Easter Advanced RR"]
[Site "Twickenham ENG"]
[Date "2025.04.17"]
[Round "9.3"]
[White "Pasli, Bulut"]
[Black "Liu, Anbo"]
[Result "0-1"]
[EventDate "2025.04.14"]
[TimeControl "1500+10"]
[WhiteFideId "343439144"]
[BlackFideId "343425089"]
[WhiteElo "1099"]
[BlackElo "1436"]
[ECO "C02"]
[Opening "French Defense: Advance Variation"]
[PlyCount "76"]

1. e4 e6 2. d4 d5 3. e5 c5 4. Nf3 Nc6 5. Be3 Qb6 6. b3 Nh6 7. c4 Nf5 8. Nc3 cxd4 9. Na4 Qa5+ 10. Bd2 Qd8 11. cxd5 exd5 12. Bd3 Be7 13. Bxf5 Bxf5 14. O-O O-O 15. Bf4 b5 16. Nb2 Bg4 17. h3 Bxf3 18. Qxf3 Rc8 19. Nd3 Re8 20. Qg4 Bf8 21. Bg5 Qc7 22. Bf4 Qe7 23. Rfe1 Qe6 24. Qxe6 fxe6 25. Rac1 Be7 26. Rc2 a6 27. Rec1 Na7 28. Nc5 Bxc5 29. Rxc5 Rxc5 30. Rxc5 Rc8 31. Rxc8+ Nxc8 32. Kf1 Kf7 33. Ke2 Ne7 34. Kd3 Nc6 35. g4 Kg6 36. h4 h5 37. g5 Kf5 38. f3 Kxf4 0-1

[Event "RJCC Easter Advanced RR"]
[Site "Twickenham ENG"]
[Date "2025.04.17"]
[Round "10.2"]
[White "Mursalimov, Timur"]
[Black "Raj Konwar, Daryan"]
[Result "0-1"]
[EventDate "2025.04.14"]
[TimeControl "1500+10"]
[BlackFideId "497150"]
[WhiteElo "985"]
[BlackElo "1024"]
[ECO "A21"]
[Opening "English Opening"]
[PlyCount "54"]

1. c4 e5 2. Nc3 c6 3. Nf3 Qc7 4. g3 Nf6 5. d3 d5 6. cxd5 cxd5 7. Bg2 Bb4 8. Qb3 Bxc3+ 9. bxc3 Nc6 10. O-O O-O 11. Ba3 Re8 12. Nd2 Be6 13. e4 dxe4 14. Qc2 exd3 15. Qxd3 Rad8 16. Qe3 Nd5 17. c4 Nxe3 18. fxe3 Rxd2 19. Rfd1 Rxd1+ 20. Rxd1 Bxc4 21. Bd6 Qb6 22. Bd5 Qxe3+ 23. Kh1 Bxd5+ 24. Rxd5 Qf3+ 25. Kg1 Nd4 26. Rxd4 exd4 27. a4 Re1# 0-1